 Dungeon Crawl Stone Soup version 0.28-a0-563-gf77a47075d (webtiles) character file.

Game seed: 8447044973825994554

7783 friend the Transmogrifier (level 11, -1/86 HPs)
             Began as a Vampire Transmuter on Sept 30, 2021.
             Was an Initiate of Gozag.
             Killed from afar by a catoblepas (3 damage)
             ... with a blast of calcifying dust
             ... while petrified by a catoblepas
             ... on level 8 of the Dungeon.
             The game lasted 00:27:02 (10457 turns).

friend the Transmogrifier (Vampire Transmuter)     Turns: 10457, Time: 00:27:03

Health: -1/86      AC:  2    Str: 10    XL:     11   Next: 1%
Magic:  0/17       EV:  5    Int: 17    God:    Gozag
Gold:   670        SH:  0    Dex: 21    Spells: 8/18 levels left

rFire   . . .      SeeInvis +     - Unarmed
rCold   . . .      Faith    .   (shield currently unavailable)
rNeg    + + +      Spirit   +   (armour currently unavailable)
rPois   ∞          Reflect  .   (helmet currently unavailable)
rElec   .          Harm     .   (cloak currently unavailable)
rCorr   .          Rampage  .   (gloves currently unavailable)
Will    +....                   (boots currently unavailable)
Stlth   ++........              k - amulet of guardian spirit
HPRegen 0.44/turn               (no ring)
MPRegen 0.15/turn               (no ring)

@: spider-form (expiring), petrified, healing quickly
A: venomous fangs, alive, tiny, (fangs 3), see invisible, vampiric 2
a: Exsanguinate, End Transformation, Renounce Religion, Potion Petition, Call
Merchant, Bribe Branch


You were on level 8 of the Dungeon.
You worshipped Gozag.
Gozag was pleased with you.
You were a venomous arachnid creature.
You visited 2 branches of the dungeon, and saw 10 of its levels.

You collected 1261 gold pieces.
You spent 560 gold pieces at shops.
You paid 31 gold pieces to Gozag.

Inventory:

Hand Weapons
 b - a +3 vorpal dagger (melded)
Missiles
 o - 22 poisoned darts (quivered)
 D - 6 atropa-tipped darts
Armour
 a - a +0 robe
 d - a +2 robe of willpower (melded)
 e - a +0 pair of boots (melded)
 A - a +1 cloak (melded)
Jewellery
 k - an amulet of guardian spirit (around neck)
 n - an amulet of the acrobat
Wands
 c - a wand of acid (8)
 m - a wand of mindburst (4)
 w - a wand of iceblast (21)
 y - a wand of paralysis (16)
Scrolls
 h - a scroll of enchant weapon
 j - 2 scrolls of magic mapping
 B - a scroll of blinking
 E - a scroll of vulnerability
Potions
 f - 2 potions of ambrosia {unknown}
 l - a potion of heal wounds
 p - a potion of lignification {unknown}
 q - 4 potions of curing
 u - a potion of berserk rage {unknown}
 v - a potion of flight {unknown}
 x - a potion of resistance {unknown}
 F - a potion of brilliance {unknown}
Miscellaneous
 C - a phial of floods


   Skills:
 - Level 8.0 Fighting
 - Level 4.0 Dodging
 - Level 8.0 Unarmed Combat
 - Level 4.0 Spellcasting
 + Level 10.7 Transmutations
 - Level 7.0 Ice Magic
 - Level 2.0 Poison Magic


You had 8 spell levels left.
You knew the following spells:

 Your Spells              Type           Power      Damage    Failure   Level
a - Beastly Appendage     Tmut           78%        N/A       2%          1
b - Wereblood             Tmut           39%        N/A       2%          2
c - Spider Form           Tmut/Pois      12%        N/A       12%         3
d - Ice Form              Ice/Tmut       33%        N/A       13%         4

Your spell library contained the following spells:

 Spells                   Type           Power      Damage    Failure   Level
 Magic Dart               Conj           12%        1d3       34%         1
 Blink                    Tloc           N/A        N/A       45%         2
 Call Imp                 Summ           3%         N/A       45%         2
 Mephitic Cloud           Conj/Pois/Air  5%         N/A       58%         3
 Lesser Beckoning         Tloc           3%         N/A       65%         3
 Borgnjor's Vile Clutch   Necr/Erth      1%         N/A       100%        5
 Manifold Assault         Tloc           3%         N/A       100%        5
 Iron Shot                Conj/Erth      1%         9d1       100%        6
 Infestation              Necr           1%         N/A       100%        8


Dungeon Overview and Level Annotations

Branches:
Dungeon (9/15)             Temple (1/1) D:7
   Lair: D:8-11         Orc: D:9-12

Altars:
Ashenzari
Gozag
Hepliaklqana
Kikubaaqudgha
Nemelex Xobeh
Okawaru
Qazlal
Ru
Wu Jian
Zin

Shops:
D:7 **

Annotations:
D:3 Grinder
D:4 Ijyb
D:9 3 runed translucent doors, AttackTheMoon's ghost, novice VSCK


Innate Abilities, Weirdness & Mutations

You are a venomous arachnid creature.
You have poisonous fangs.
You are tiny and dextrous.
You are immune to poison.
Your spellcasting is less reliable in this form.
Your armour is entirely melded.
You are incapable of wielding weapons or throwing items.
Your natural rate of healing is accelerated.
((You have razor-sharp teeth.))
You have supernaturally acute eyesight. (SInv)
You are afflicted with vampirism and can become a bat while bloodless.


Message History

You hit the catoblepas but do no damage.
The catoblepas looks as sick as possible!
You hit the catoblepas but do no damage.
The catoblepas closely misses you.
You hit the catoblepas. The catoblepas gores you!!
You take 26 damage, and have 60/86 hp.
MASSIVE DAMAGE!!
You now have 10/17 mp.
The catoblepas breathes a plume of calcifying dust at you.
The blast of calcifying dust hits you!
You take 8 damage, and have 54/86 hp.
You now have 9/17 mp.
The catoblepas breathes a plume of calcifying dust at you.
The blast of calcifying dust hits you.
You take 4 damage, and have 52/86 hp.
You now have 9/17 mp.
The catoblepas breathes a plume of calcifying dust at you.
The blast of calcifying dust hits you.
You take 4 damage, and have 49/86 hp.
You now have 8/17 mp.
You are engulfed in calcifying dust.
You are slowing down.
The catoblepas breathes a plume of calcifying dust at you.
The blast of calcifying dust hits you.
You take 1 damage, and have 48/86 hp.
You are engulfed in calcifying dust.
Your limbs have turned to stone.
You have turned to stone.
You are engulfed in calcifying dust.
You are engulfed in calcifying dust.
You are engulfed in calcifying dust.
You are engulfed in calcifying dust.
You are engulfed in calcifying dust.
The catoblepas gores you!! x3
* * * LOW HITPOINT WARNING * * *
The catoblepas gores you!!
* * * LOW HITPOINT WARNING * * *
Your transformation is almost over.
The catoblepas gores you!!
* * * LOW HITPOINT WARNING * * *
The catoblepas breathes a plume of calcifying dust at you.
The blast of calcifying dust hits you.
You die...
Your body crumbles into a pile of gold.

.........#..#####.#.#.#
###......#..........#.#
###....###..........#.# .......#
#....#.....#'###### .......#
#..#<.............#
......####..#.###..........#
.#....#....................#
......'.....#.......#...####
+#....#.........s...#.#.########
...#.##.....#.#.Y..<..#........#
...#.##.....#.........########.#
≈.##.###+#...###......###### #.#
...#.# #...................# #.#
...#.#####......#...######.# #.#
...#............'...##.....# #.#
...##...........#.#.##.#######.#
...##..............§...........#


You could see a catoblepas (poisoned).

Vanquished Creatures
  2 centaur warriors (D:9)
  Erica (D:9)
  A two-headed ogre (D:8)
  2 ugly things (D:9)
  An unseen horror (D:9)
  Psyche (D:9)
  A hornet (D:9)
  A dream sheep (shapeshifter) (D:9)
  2 wyverns (D:9)
  A vampire mosquito (D:9)
  2 steam dragons (D:7)
  A water moccasin (D:8)
  2 orc warriors
  2 sky beasts
  An ice beast (D:5)
  A black bear (D:8)
  3 necrophages (D:6)
  An ogre (D:4)
  3 centaurs
  A scorpion (D:6)
  3 bullfrogs
  2 gnoll sergeants
  A water moccasin zombie (D:5)
  4 howler monkeys
  12 wights
  An electric eel (D:8)
  3 jellies
  A human zombie (D:6)
  A centaur zombie (D:6)
  2 gnoll shamans
  2 hounds
  An iguana (D:4)
  4 orc wizards
  A killer bee zombie (D:5)
  4 mummies (D:6)
  A hound skeleton (D:2)
  A killer bee simulacrum (D:9)
  5 howler monkey zombies
  14 gnolls
  3 adders
  2 white imps
  2 ufetubi
  A worm (D:2)
  2 dart slugs
  12 orcs
  5 ball pythons
  5 endoplasms
  2 giant cockroaches
  6 goblins
  3 hobgoblins
  6 jackals
  10 kobolds
  2 quokkas
  3 bats
  3 frilled lizards (D:1)
  A quokka skeleton (D:4)
  6 rats
167 creatures vanquished.

Vanquished Creatures (others)
  10 plants (D:9)
10 creatures vanquished.

Grand Total: 177 creatures vanquished

Notes
Turn   | Place    | Note
-------+----------+-------------------------------------------
     0 | D:1      | friend the Vampire Transmuter began the quest for the Orb.
     0 | D:1      | Reached XP level 1. HP: 14/14 MP: 3/3
    95 | D:1      | Reached skill level 1 in Fighting
   260 | D:1      | Reached skill level 3 in Transmutations
   278 | D:1      | Reached XP level 2. HP: 21/21 MP: 3/5
   898 | D:2      | Gained mutation: You are afflicted with vampirism and can
                  | become a bat while bloodless. [Vampire growth]
   898 | D:2      | Reached XP level 3. HP: 15/26 MP: 6/6
  1058 | D:2      | Reached skill level 4 in Transmutations
  1066 | D:2      | Learned a level 2 spell: Wereblood
  1070 | D:2      | Learned a level 3 spell: Spider Form
  1260 | D:2      | Reached skill level 1 in Poison Magic
  1386 | D:2      | Found a faded altar of an unknown god.
  1448 | D:2      | You fall into a shaft and drop 1 floor!
  1853 | D:3      | Reached XP level 4. HP: 28/32 MP: 5/7
  1967 | D:3      | Found an opulent altar of Gozag.
  1971 | D:3      | Became a worshipper of Gozag Ym Sagoz the Greedy
  2081 | D:3      | Noticed Grinder
  2254 | D:4      | Noticed an ogre
  2264 | D:4      | Killed an ogre
  2265 | D:4      | Reached skill level 5 in Transmutations
  2265 | D:4      | Reached XP level 5. HP: 37/37 MP: 4/8
  2642 | D:4      | Noticed Ijyb
  2681 | D:4      | Reached XP level 6. HP: 22/44 MP: 1/9
  3099 | D:5      | Entered Level 5 of the Dungeon
  3180 | D:5      | Noticed an ice beast
  3199 | D:5      | Killed an ice beast
  3615 | D:5      | Reached XP level 7. HP: 30/52 MP: 3/10
  3684 | D:5      | Reached skill level 5 in Unarmed Combat
  4000 | D:5      | Found a stormy altar of Qazlal.
  4470 | D:6      | Reached skill level 6 in Transmutations
  4535 | D:6      | Reached skill level 7 in Transmutations
  4535 | D:6      | Reached XP level 8. HP: 58/58 MP: 8/11
  4595 | D:6      | Learned a level 4 spell: Ice Form
  4615 | D:6      | Reached skill level 1 in Ice Magic
  4657 | D:6      | Found a sacrificial altar of Ru.
  4815 | D:6      | Found an ancient bone altar of Kikubaaqudgha.
  5226 | D:6      | Reached skill level 5 in Ice Magic
  5305 | D:6      | Found a faded altar of an unknown god.
  5305 | D:6      | Found a faded altar of an unknown god.
  5343 | D:6      | Found a hazy altar of Hepliaklqana.
  5494 | D:7      | Reached skill level 8 in Transmutations
  5845 | D:7      | Found a staircase to the Ecumenical Temple.
  6453 | D:7      | Reached XP level 9. HP: 30/63 MP: 1/13
  6641 | D:7      | Reached skill level 9 in Transmutations
  6778 | D:7      | Found Noqahaat's General Store.
  6780 | D:7      | Found Moriossu's Specific Store.
  6788 | D:7      | Bought a phial of floods for 560 gold pieces
  7026 | D:8      | Found a sparkling altar of Nemelex Xobeh.
  7741 | Temple   | Entered the Ecumenical Temple
  8011 | D:8      | Reached skill level 5 in Fighting
  8543 | D:9      | Noticed a centaur warrior
  8543 | D:9      | Noticed a white ugly thing
  8553 | D:9      | Noticed a cyan ugly thing
  8555 | D:9      | Noticed Erica
  8559 | D:9      | HP: 2/81 [centaur warrior (3)]
  8560 | D:9      | Killed a cyan ugly thing
  8771 | D:9      | Killed a centaur warrior
  8772 | D:9      | Reached XP level 10. HP: 53/77 MP: 8/14
  8798 | D:9      | Noticed Psyche
  8802 | D:9      | Killed Psyche
  9181 | D:9      | Killed Erica
  9182 | D:9      | Reached skill level 10 in Transmutations
  9468 | D:9      | Noticed a two-headed ogre
  9478 | D:9      | Killed a white ugly thing
  9498 | D:8      | HP: 1/94 [two-headed ogre (8)]
  9850 | D:8      | Killed a two-headed ogre
  9956 | D:9      | Got the Reference Book on Confrontation and Black Rituals
  9957 | D:9      | Noticed AttackTheMoon's ghost (novice VSCK)
  9958 | D:9      | Found a runed translucent gate.
  9958 | D:9      | Found a runed translucent gate.
  9958 | D:9      | Found a runed translucent gate.
  9958 | D:9      | Noticed a boulder beetle
 10206 | D:9      | Noticed a catoblepas
 10207 | D:9      | Noticed a centaur warrior
 10207 | D:9      | Noticed a cyan ugly thing
 10216 | D:9      | Killed a centaur warrior
 10217 | D:9      | Reached XP level 11. HP: 21/86 MP: 1/17
 10456 | D:8      | HP: 1/86 [catoblepas (7)]
 10457 | D:8      | Killed from afar by a catoblepas

Illustrated notes

Levels and vault maps discovered:
D:1:      wander_arrival_estate, layout_basic, serial_glass, glass_columns_a,
          glass_columns_a
D:2:      wad_crossroads, layout_basic, shapermc_ecumenical_altar_mp_vishouse
D:3:      layout_basic, mainiacjoe_overflow_24_doors, uniq_grinder
D:4:      layout_cave_pools, uniq_ijyb
D:5:      layout_basic, mainiacjoe_overflow_brackets
D:6:      layout_rooms, nicolae_ru_the_path_less_chosen,
          nicolae_hepliaklqana_ecumenical_no_more,
          lemuel_mausoleum_altar_kikubaaqudgha
D:7:      layout_basic, temple_green, nicolae_specific_store
D:8:      layout_basic, mainiacjoe_overflow_small_starburst,
          hangedman_decor_opposing, minmay_crystal_water
D:9:      layout_basic, erik_lair_island, david_orc_5, gammafunk_ghost_split,
          minmay_shattered_shrine, uniq_erica, uniq_joseph, uniq_psyche
Temple:   eino_temple_rhombus

Skill      XL: |  1  2  3  4  5  6  7  8  9 10 |
---------------+-------------------------------+-----
Fighting       | 1 2 3 6 8 |  8.0
Transmutations | 3 4 5 7 8 9 10 | 10.7
Poison Magic   | 1 2 |  2.0
Dodging        | 3 4 |  4.0
Unarmed Combat | 4 6 8 |  8.0
Ice Magic      | 5 6 7 |  7.0
Spellcasting   | 3 4 |  4.0

Action                   |  1- 3 |  4- 6 |  7- 9 | 10-12 || total
-------------------------+-------+-------+-------+-------++-------
Melee: Dagger            |   117 |    26 |    10 |       ||   153
       Kick              |    23 |     5 |     2 |       ||    30
       Unarmed           |     4 |    73 |   266 |    85 ||   428
       Headbutt          |    16 |     3 |       |       ||    19
       Bite              |     6 |     2 |       |       ||     8
       Punch             |       |       |     1 |       ||     1
Throw: Dart              |       |     7 |       |       ||     7
 Cast: Beastly Appendage |    33 |     7 |     1 |       ||    41
       Spider Form       |       |    16 |    20 |     6 ||    42
       Wereblood         |       |     1 |     4 |     5 ||    10
       Ice Form          |       |       |    21 |     6 ||    27
Evoke: Wand              |       |       |    11 |     9 ||    20
  Use: Scroll            |     1 |     1 |    16 |     1 ||    19
       Potion            |       |       |     7 |       ||     7
 Stab: Sleeping          |     3 |       |     1 |       ||     4
       Distracted        |       |       |     1 |       ||     1
       Paralysed         |       |       |       |     7 ||     7
Armor: Robe              |    27 |     2 |     4 |     4 ||    37
       Skin              |       |     3 |    60 |     8 ||    71
Dodge: Dodged            |    69 |    70 |   217 |    75 ||   431

Table legend: (Time is in decaauts)
 A = Elapsed time spent in this place.
 B = Non-inter-level travel time spent in this place.
 C = Inter-level travel time spent in this place.
 D = Time resting spent in this place.
 E = Time spent auto-exploring this place.
 F = Levels seen in this place.
 G = Mean time per level.
                   A        B        C        D        E       F      G
               +--------+--------+--------+--------+--------+-----+--------+
         Total |  10419 |  10035 |    384 |   3054 |   4954 |  10 | 1041.9 |
       Dungeon |  10418 |  10034 |    384 |   3054 |   4954 |   9 | 1157.6 |
        Temple |      1 |      1 |      0 |      0 |      0 |   1 |    1.0 |
               +--------+--------+--------+--------+--------+-----+--------+

Top non-repeatable levels by time:
     D:7: 1929 daAuts
     D:8: 1869 daAuts
     D:5: 1282 daAuts
     D:9: 1209 daAuts
     D:6: 1028 daAuts
     D:2: 1027 daAuts
     D:4: 984 daAuts
     D:1: 755 daAuts
     D:3: 332 daAuts
  Temple: 1 daAuts
